 Dungeon Crawl Stone Soup version 0.22-a0-422-g9628fc87f1 (console) character file.

43 Heliocid the Sneak (level 3, -3/20 HPs)
             Began as a Kobold Enchanter on May 17, 2018.
             Was a Believer of Uskayaw.
             Slain by a worm (10 damage)
             ... on level 2 of the Dungeon.
             The game lasted 00:11:35 (1637 turns).

Heliocid the Sneak (Kobold Enchanter)               Turns: 1637, Time: 00:11:36

Health: -3/20      AC:  2    Str:  5    XL:     3   Next: 82%
Magic:  2/6        EV: 15    Int: 17    God:    Uskayaw [**....]
Gold:   80         SH:  0    Dex: 15    Spells: 2/7 levels left

rFire    . . .     SeeInvis .   a - +1 dagger
rCold    . . .     Gourm    .   (shield restricted)
rNeg     . . .     Faith    .   b - +0 robe
rPois    .         Spirit   .   (no helmet)
rElec    .         Reflect  .   (no cloak)
rCorr    .         Harm     .   (no gloves)
MR       .....                  (no boots)
Stlth    +++.......             (no amulet)
HPRegen  0.06/turn              (no ring)
MPRegen  0.10/turn              (no ring)

@: very slightly contaminated
A: small, carnivore
a: Stomp, Line Pass, Renounce Religion


You were on level 2 of the Dungeon.
You worshipped Uskayaw.
Uskayaw was noncommittal.
You were completely stuffed.

You visited 1 branch of the dungeon, and saw 2 of its levels.

You collected 80 gold pieces.

Inventory:

Hand Weapons
 a - a +1 dagger (weapon)
 c - a +0 hand axe
Missiles
 g - 19 stones (quivered)
 k - 26 bolts
Armour
 b - a +0 robe (worn)
 e - a +0 leather armour
 f - a +0 ring mail
 i - a +0 leather armour
 m - a +0 robe
Scrolls
 h - a scroll of teleportation
 l - 2 scrolls of identify
Potions
 j - a potion of brilliance {unknown}
Comestibles
 d - 2 rations


   Skills:
 + Level 0.3 Fighting
 + Level 2.2 Short Blades
 + Level 2.8 Dodging
 + Level 4.6 Stealth
 + Level 2.5 Spellcasting
 + Level 3.3 Hexes
 + Level 0.1 Ice Magic


You had 2 spell levels left.
You knew the following spells:

 Your Spells              Type           Power        Failure   Level  Hunger
a - Tukima's Dance        Hex            ##......     14%         3    ###....
b - Ensorcelled Hibernat  Hex/Ice        #.....       14%         2    ##.....

Your spell library contained the following spells:

 Spells                   Type           Power        Failure   Level  Hunger
 Confuse                  Hex            ##......     14%         3    ###....
 Corona                   Hex            ##.....      4%          1    #......
 Dazzling Spray           Conj/Hex       #.....       28%         3    ###....


Dungeon Overview and Level Annotations

Branches:
Dungeon (2/15)

Altars:
Uskayaw


Innate Abilities, Weirdness & Mutations

You are small and have problems with some larger weapons.
You are carnivorous and can eat meat at any time.


Message History

The worm bites you.
You can now pass through a line of other dancers.
You hit the worm but do no damage. You hit the worm but do no damage.
The worm bites you!
Casting: Ensorcelled Hibernation (safe; 14% risk of failure)
Confirm with . or Enter, or press ? or * to list all spells.
Aiming: Ensorcelled Hibernation (safe; 14% risk of failure)
Press: ? - help, Shift-Dir - straight line, f - worm
Aim: a worm (chance to defeat MR: 49%)
You miscast Ensorcelled Hibernation.
You are very lightly contaminated with residual magic.
You hear a crackling sound.
Casting: Ensorcelled Hibernation (safe; 14% risk of failure)
Confirm with . or Enter, or press ? or * to list all spells.
Aiming: Ensorcelled Hibernation (safe; 14% risk of failure)
Press: ? - help, Shift-Dir - straight line, f/p - worm
Aim: a worm (chance to defeat MR: 49%)
The worm resists with some effort.
The worm bites you!
Ouch! That really hurt!
You die...

....#...... .##.##....#
.##........ .##
.#####.<... #.. .#
#.### #.# # .# ####.###
#.# ##.# .# #......#
###.##.... ## #.##.#.#
#..... .#
####.##.#.###.#.##..#.#
................@w...#
..##.#.##.###.##.†..##
..##....).# #.#######
.....#.#### #.#
#.##.#.# #.. #.##[#.#
### #......# ####.### #
#...# # ###.#


You could see a worm.

Vanquished Creatures
  2 adders (D:2)
  2 dart slugs (D:1)
  A ball python (D:2)
  4 bats (D:1)
  A giant cockroach (D:1)
  A goblin (D:1)
  2 hobgoblins
  2 kobolds (D:1)
  7 rats
22 creatures vanquished.

Notes
Turn   | Place    | Note
-------+----------+-------------------------------------------
     0 | D:1      | Heliocid the Kobold Enchanter began the quest for the Orb.
     0 | D:1      | Reached XP level 1. HP: 10/10 MP: 3/3
   153 | D:1      | Reached XP level 2. HP: 15/15 MP: 5/5
   164 | D:1      | Learned a level 2 spell: Ensorcelled Hibernation
   810 | D:1      | Reached XP level 3. HP: 19/19 MP: 3/6
   816 | D:1      | Learned a level 3 spell: Tukima's Dance
   935 | D:2      | Noticed a hand axe
   936 | D:2      | Noticed a dagger
   937 | D:2      | Found a hide-covered altar of Uskayaw.
  1156 | D:2      | Became a worshipper of Uskayaw the Reveler
  1220 | D:2      | Reached * piety under Uskayaw
  1633 | D:2      | Reached ** piety under Uskayaw
  1637 | D:2      | Slain by a worm

Vault maps used:
D:1:      wheals_arrival_linesprint
D:2:      dancing_weapons_uskayaw, lightli_temple_of_fire, tgw_trog

Skill      XL: |  1  2  3 |
---------------+----------+-----
Short Blades   | 2 |  2.2
Fighting       | |  0.3
Dodging        | |  2.8
Stealth        | |  4.6
Spellcasting   | |  2.5
Hexes          | |  3.3
Ice Magic      | |  0.1

Action                   || total
-------------------------++-------
Melee: Dagger            ||    65
 Cast: Ensorcelled Hiber ||     4
Invok: Stomp             ||     1
  Use: Scroll            ||     3
       Potion            ||     1
 Stab: Sleeping          ||    12
  Eat: Chunk             ||    11
Armor: Robe              ||     5
Dodge: Dodged            ||    33

Table legend:
 A = Spawn XP
 B = Non-spawn XP
 C = Spawn XP percentage of total XP
 D = Spawn monster count
 E = Non-spawn monster count
 F = Spawn count percentage of total count
 G = Total turns spent on level
                    A         B        C        D         E        F      G
               +---------+---------+-------+---------+---------+-------+---------
         Total |       0 |      62 |   0.0 |       0 |      22 |   0.0 |  1637
               +---------+---------+-------+---------+---------+-------+---------
           D:1 |       0 |      31 |   0.0 |       0 |      17 |   0.0 |   911
           D:2 |       0 |      31 |   0.0 |       0 |       5 |   0.0 |   726
               +---------+---------+-------+---------+---------+-------+---------
